 Dungeon Crawl Stone Soup version 0.25.1-9-gc5326a611f (webtiles) character file.

Game seed: 9328183804332239401

12750 Clowwww the Cleaver (level 11, -1/83 (84) HPs)
             Began as a Demonspawn Fighter on Jan 4, 2021.
             Was the Champion of Okawaru.
             Slain by a freezing wraith (19 damage)
             ... on level 12 of the Dungeon.
             The game lasted 00:32:24 (12491 turns).

Clowwww the Cleaver (Demonspawn Fighter)           Turns: 12491, Time: 00:32:25

HP:   -1/83 (84)    AC: 26    Str: 19    XL:     11   Next: 66%
MP:   11/11         EV:  5    Int: 14    God:    Okawaru [******]
Gold: 544           SH: 10    Dex: 13    Spells: 10/10 levels left

rFire    + . .     SeeInvis .   a - +2 war axe (freeze)
rCold    . . .     Gourm    .   c - +0 kite shield
rNeg     . . .     Faith    .   I - +4 plate armour of Weirdness {rElec rF++ rC- Int+4}
rPois    .         Spirit   .   (no helmet)
rElec    +         Reflect  .   D - +1 cloak {MR+}
rCorr    .         Harm     .   i - +0 pair of gloves
MR       +....                  (boots unavailable)
Stlth    ..........             J - amulet of the acrobat
HPRegen  0.23/turn              F - ring of ice
MPRegen  0.12/turn              B - ring of flight

@: sanguine armour
A: hooves 3, demonic guardian 2, sanguine armour 1
a: Heroism, Finesse, Renounce Religion, Evoke Flight


You were on level 12 of the Dungeon.
You worshipped Okawaru.
Okawaru was exalted by your worship.
You were very hungry.

You visited 2 branches of the dungeon, and saw 13 of its levels.

You collected 544 gold pieces.

Inventory:

Hand Weapons
 a - a +2 war axe of freezing (weapon)
Missiles
 o - 2 throwing nets
 r - 11 boomerangs (quivered)
Armour
 c - a +0 kite shield (worn)
 i - a +0 pair of gloves (worn)
 D - a +1 cloak of magic resistance (worn)
 I - the +4 plate armour of Weirdness (worn) {rElec rF++ rC- Int+4}
   (Okawaru gifted it to you on level 11 of the Dungeon)

   It affects your intelligence (+4).
   It greatly protects you from fire.
   It makes you vulnerable to cold.
   It insulates you from electricity.
Jewellery
 q - an uncursed ring of wizardry
 A - an uncursed ring of fire
 B - a ring of flight (right hand)
 C - an uncursed ring of fire
 F - a ring of ice (left hand)
 J - an amulet of the acrobat (around neck)
Wands
 t - a wand of polymorph (10)
 u - a wand of acid (3)
 v - a wand of flame (40)
 y - a wand of digging (1)
 E - a wand of clouds (7)
 K - a wand of random effects (17)
Scrolls
 g - 3 scrolls of magic mapping
 m - 5 scrolls of teleportation
 p - a scroll of identify
 w - 5 scrolls of remove curse
 H - a scroll of amnesia
Potions
 b - 2 potions of heal wounds
 d - a potion of haste
 e - a potion of lignification {unknown}
 h - 3 potions of magic
 j - 2 potions of resistance {unknown}
 k - 3 potions of curing
 l - 4 potions of flight
 n - 3 potions of brilliance
 s - a potion of invisibility {unknown}
 x - 2 potions of stabbing {unknown}
 z - 2 potions of degeneration {unknown}
 G - 4 potions of mutation {unknown}
Comestibles
 f - 17 rations


   Skills:
 + Level 7.0 Fighting
 * Level 12.8 Axes
 + Level 4.0 Throwing
 + Level 6.5 Armour
 + Level 3.1 Dodging
 - Level 1.0 Stealth
 + Level 6.0 Shields
 + Level 1.1 Evocations


You had 10 spell levels left.
You didn't know any spells.
Your spell library contained the following spells:

 Spells                   Type           Power        Failure   Level  Hunger
 Corona                   Hex            #......      100%        1    ##.....
 Ensorcelled Hibernation  Hex/Ice        #.....       100%        2    ###....
 Confusing Touch          Hex            #.......     100%        3    ####...
 Dazzling Flash           Conj/Hex       #.....       100%        3    ####...
 Tukima's Dance           Hex            #.......     100%        3    ####...


Dungeon Overview and Level Annotations

Branches:
Dungeon (12/15)            Temple (1/1) D:4            Lair (0/6) D:9
    Orc (0/2) D:10

Altars:
Ashenzari
Cheibriados
Dithmenos
Elyvilon
Fedhas
Gozag
Hepliaklqana
Kikubaaqudgha
Makhleb
Okawaru
Ru
Sif Muna
Trog
Uskayaw
Vehumet
Wu Jian
Xom
Yredelemnul
Zin
The Shining One
Jiyva

Shops:
D:10 !


Innate Abilities, Weirdness & Mutations

You have hooves in place of feet.
A demonic guardian rushes to your aid.
When seriously injured, your bleeding wounds create armour. (AC +6)


Message History

The puff of flame hits the freezing wraith but does no damage.
The freezing wraith is heavily damaged.
The freezing wraith barely misses you. You block the freezing wraith's attack.
Evoke which item? (* to show all) (? for menu, Esc to quit)
Aiming: Throw Flame
Press: ? - help, Shift-Dir - straight line, f/p - freezing wraith
Aim: a freezing wraith (heavily damaged)
The puff of flame misses the freezing wraith.
The freezing wraith barely misses you. x2
Evoke which item? (* to show all) (? for menu, Esc to quit)
Aiming: Throw Flame
Press: ? - help, Shift-Dir - straight line, f/p - freezing wraith
Aim: a freezing wraith (heavily damaged)
The puff of flame hits the freezing wraith!
The freezing wraith is burned terribly!
The freezing wraith is severely damaged.
The freezing wraith hits you!
* * * LOW HITPOINT WARNING * * *
The freezing wraith freezes you!!
You die...

..# ..##### #.....#
#.....# #.....####
#........#
#.#'#######........#
#.........W@.......#
#....###'####......#
..... +......#......#
.... #......#......#
#......#......#......#
#......#......#......#
#......#......#......#
#......########......#
#....................#


You could see a freezing wraith.

Vanquished Creatures
  3 hydras (D:11)
  An unseen horror (D:8)
  An ugly thing (D:11)
  Maggie (D:8)
  2 trolls
  A hippogriff (D:10)
  A wraith (D:11)
  2 yaks (D:11)
  A hungry ghost (D:7)
  A steam dragon (D:10)
  2 orc warriors (D:10)
  A porcupine (D:9)
  3 ice beasts (D:6)
  3 sky beasts
  A necrophage (D:8)
  A black bear (D:9)
  3 ogres
  A phantom (D:6)
  A centaur (D:11)
  A gnoll sergeant (D:11)
  8 bullfrogs
  A water moccasin skeleton (D:5)
  3 killer bees (D:7)
  5 scorpions
  9 wights
  6 howler monkeys
  2 centaur zombies
  4 crimson imps
  A bullfrog zombie (D:11)
  2 quasits (D:9)
  2 centaur skeletons (D:11)
  4 hounds
  4 jellies
  3 bullfrog skeletons
  7 orc priests
  14 orc wizards
  4 iguanas
  9 worker ants
  4 hound zombies
  A worker ant zombie (D:9)
  Robin (D:2)
  4 gnolls (D:11)
  A howler monkey skeleton (D:5)
  9 adders
  A shadow imp (D:5)
  An adder zombie (D:4)
  2 adder skeletons
  3 worms (D:2)
  2 dart slugs
  2 leopard geckos
  38 orcs
  A ball python (D:6)
  8 bats
  4 giant cockroaches
  16 goblins
  9 hobgoblins
  14 jackals
  4 quokkas
  5 frilled lizards
  A jackal zombie (D:5)
  11 kobolds
  13 rats
  4 fungi (D:9)
278 creatures vanquished.

Vanquished Creatures (collateral kills)
  A two-headed ogre (D:10)
  An ugly thing (D:8)
  A manticore (D:11)
  A cyclops (D:11)
  A centaur zombie (D:10)
  Joseph (D:7)
  A troll (D:11)
  7 yaks (D:11)
  Duvessa (D:4)
  3 ice beasts
  3 ogres
  A sky beast (D:7)
  A black bear (D:9)
  An orc warrior (D:10)
  A big kobold (D:8)
  Dowan (D:4)
  A scorpion (D:9)
  3 howler monkeys (D:7)
  A hound (D:6)
  An orc priest (D:10)
  A hound skeleton (D:4)
  A howler monkey zombie (D:11)
  3 orcs
  A jackal (D:4)
  A fungus (D:9)
  A plant (D:9)
40 creatures vanquished.

Vanquished Creatures (others)
  A sky beast (D:10)
  13 fungi (D:9)
  A plant (D:9)
15 creatures vanquished.

Grand Total: 333 creatures vanquished

Notes
Turn   | Place    | Note
-------+----------+-------------------------------------------
     0 | D:1      | Clowwww the Demonspawn Fighter began the quest for the Orb.
     0 | D:1      | Reached XP level 1. HP: 18/18 MP: 1/1
   237 | D:1      | Gained mutation: You have large cloven feet. [demonic
                  | ancestry]
   237 | D:1      | Reached XP level 2. HP: 12/24 MP: 2/2
   570 | D:1      | Reached skill level 2 in Axes
   947 | D:2      | Found a faded altar of an unknown god.
   955 | D:2      | Gained mutation: When seriously injured, your bleeding
                  | wounds create armour. (AC +6) [demonic ancestry]
   955 | D:2      | Reached XP level 3. HP: 28/29 MP: 3/3
  1212 | D:2      | Noticed a moth of wrath
  1215 | D:2      | Found a bloodstained altar of Trog.
  1513 | D:2      | Reached skill level 3 in Axes
  1514 | D:2      | Gained mutation: A weak demonic guardian rushes to your
                  | aid. [demonic ancestry]
  1514 | D:2      | Reached XP level 4. HP: 27/35 MP: 4/4
  1787 | D:2      | Noticed Robin
  1797 | D:2      | Killed Robin
  2397 | D:3      | Reached XP level 5. HP: 41/41 MP: 5/5
  2645 | D:3      | Reached skill level 4 in Axes
  2786 | D:3      | Found a hazy altar of Hepliaklqana.
  3140 | D:4      | Found an ancient bone altar of Kikubaaqudgha.
  3140 | D:4      | Noticed an ogre
  3172 | D:4      | Gained mutation: A demonic guardian rushes to your aid.
                  | [demonic ancestry]
  3172 | D:4      | Reached XP level 6. HP: 43/47 MP: 6/6
  3450 | D:4      | Reached skill level 5 in Axes
  3769 | D:4      | Found a staircase to the Ecumenical Temple.
  3778 | Temple   | Entered the Ecumenical Temple
  3810 | Temple   | Became a worshipper of Warmaster Okawaru
  4100 | D:4      | Noticed Dowan
  4101 | D:4      | Noticed Duvessa
  4108 | D:4      | Killed Dowan
  4110 | D:4      | Killed Duvessa
  4110 | D:4      | Reached XP level 7. HP: 50/53 MP: 7/7
  4289 | D:5      | Entered Level 5 of the Dungeon
  4336 | D:5      | Reached skill level 6 in Axes
  4556 | D:5      | Reached * piety under Okawaru
  4870 | D:6      | Reached skill level 1 in Throwing
  4884 | D:6      | Reached skill level 7 in Axes
  4884 | D:6      | Reached XP level 8. HP: 57/60 MP: 8/8
  4935 | D:6      | Reached skill level 1 in Dodging
  4953 | D:6      | Reached ** piety under Okawaru
  5165 | D:6      | Reached skill level 8 in Axes
  5868 | D:7      | Gained mutation: You have hoof-like feet. [demonic
                  | ancestry]
  5868 | D:7      | Reached XP level 9. HP: 66/66 MP: 9/9
  6008 | D:7      | Reached *** piety under Okawaru
  6022 | D:7      | Reached skill level 9 in Axes
  6404 | D:7      | Noticed Joseph
  6411 | D:7      | Killed Joseph
  7069 | D:8      | Found a white marble altar of Elyvilon.
  7069 | D:8      | Found a shattered altar of Ashenzari.
  7069 | D:8      | Found a sacrificial altar of Ru.
  7159 | D:8      | Reached skill level 5 in Fighting
  7196 | D:8      | Found a basalt altar of Yredelemnul.
  7206 | D:8      | Noticed Maggie
  7221 | D:8      | Killed Maggie
  7221 | D:8      | Reached skill level 10 in Axes
  7420 | D:8      | Killed an unseen horror
  7420 | D:8      | Reached **** piety under Okawaru
  7420 | D:8      | Reached skill level 1 in Stealth
  7648 | D:8      | Noticed a cyan ugly thing
  7653 | D:8      | Killed a cyan ugly thing
  7653 | D:8      | Reached ***** piety under Okawaru
  7653 | D:8      | Reached skill level 5 in Armour
  7653 | D:8      | Reached XP level 10. HP: 41/73 MP: 10/10
  8219 | D:8      | Found an ornate altar of the Wu Jian Council.
  8221 | D:8      | Found a glowing silver altar of Zin.
  8224 | D:8      | Found a radiant altar of Vehumet.
  8225 | D:8      | Found a blossoming altar of Fedhas.
  8227 | D:8      | Found a snail-covered altar of Cheibriados.
  8446 | D:9      | Found a staircase to the Lair.
  8570 | D:9      | Reached skill level 11 in Axes
  8901 | D:9      | Found a glowing golden altar of the Shining One.
  9446 | D:10     | Entered Level 10 of the Dungeon
  9513 | D:10     | Reached skill level 5 in Shields
  9628 | D:10     | Found a staircase to the Orcish Mines.
  9683 | D:10     | Noticed a two-headed ogre
  9692 | D:10     | Killed a two-headed ogre
  9692 | D:10     | Received a gift from Okawaru
 10311 | D:10     | Found a shadowy altar of Dithmenos.
 10450 | D:10     | Found Pottoim's Distillery.
 10584 | D:11     | Noticed a manticore
 10588 | D:11     | Killed a manticore
 10591 | D:11     | Gained mutation: You have hooves in place of feet. [demonic
                  | ancestry]
 10591 | D:11     | Reached XP level 11. HP: 71/81 MP: 11/11
 10638 | D:11     | Reached skill level 12 in Axes
 11128 | D:11     | Noticed a seven-headed hydra
 11134 | D:11     | Killed a seven-headed hydra
 11268 | D:11     | Noticed an eight-headed hydra
 11268 | D:11     | Noticed a four-headed hydra
 11280 | D:11     | Killed a four-headed hydra
 11280 | D:11     | Killed an eight-headed hydra
 11280 | D:11     | Received a gift from Okawaru
 11283 | D:11     | Got a jewelled plate armour {god gift}
 11545 | D:11     | Identified the +4 plate armour of Weirdness {rElec rF++ rC-
                  | Int+4} (Okawaru gifted it to you on level 11 of the
                  | Dungeon)
 11767 | D:11     | Reached skill level 1 in Evocations
 11813 | D:11     | Reached ****** piety under Okawaru
 12091 | D:11     | Noticed a brown ugly thing
 12099 | D:11     | Killed a brown ugly thing
 12491 | D:12     | Slain by a freezing wraith

Illustrated notes

Levels and vault maps discovered:
D:1:      dpeg_arrival_shrine, layout_basic
D:2:      layout_basic, tgw_trog, first_ration,
          chequers_ecumenical_altar_simple_redux, uniq_robin
D:3:      layout_loops_ring, lemuel_coloured_pillars_altar,
          kennysheep_flooded_box
D:4:      layout_layer_cave, kiku_gazebo_garden_becter,
          minmay_temple_entry_mini_moons, uniq_duvessa
D:5:      layout_gridville
D:6:      layout_rooms
D:7:      layout_cave_pods, uniq_joseph
D:8:      layout_basic, gammafunk_temple_overflow_forgotten,
          nicolae_overflow_crystal_walls, minitemple, uniq_maggie
D:9:      layout_loops_ring, kennysheep_mini, due_lair_maze_entry_diamond
D:10:     layout_roguey, david_orc_2, serial_shops, shop, basic_altar
D:11:     minmay_bubble_buster, layout_basic
D:12:     layout_irregular_city
Temple:   pf_slime_end_temple

Skill      XL: |  1  2  3  4  5  6  7  8  9 10 11 |
---------------+----------------------------------+-----
Axes           | 2 3 4 5 7 8 10 11 12 | 12.8
Armour         | 3 4 5 6 |  6.5
Shields        | 3 4 5 6 |  6.0
Fighting       | 4 5 6 7 |  7.0
Throwing       | 1 2 3 4 |  4.0
Dodging        | 1 2 3 |  3.1
Stealth        | 1 |  1.0
Evocations     | 1 |  1.1

Action                   |  1- 3 |  4- 6 |  7- 9 | 10-12 || total
-------------------------+-------+-------+-------+-------++-------
Melee: War axe           |    90 |   151 |   288 |   344 ||   873
       Kick              |    16 |    27 |    78 |   108 ||   229
Throw: Boomerang         |       |     4 |    63 |    31 ||    98
Invok: Heroism           |       |       |       |     1 ||     1
Evoke: Wand              |       |       |     1 |    11 ||    12
  Use: Potion            |       |     1 |       |       ||     1
       Scroll            |       |     7 |     8 |     5 ||    20
 Stab: Distracted        |       |       |       |     1 ||     1
  Eat: Chunk             |     2 |     8 |    11 |    15 ||    36
       Ration            |       |       |     1 |       ||     1
Armor: Scale mail        |    72 |    80 |   145 |   132 ||   429
       Plate armour      |       |       |       |    53 ||    53
Dodge: Dodged            |    42 |    43 |    64 |   107 ||   256
Block: Kite shield       |    53 |    75 |   119 |   185 ||   432
